 Dungeon Crawl Stone Soup version 0.24-a0-201-gf205589 (webtiles) character file.

Game seed: 5590285830464557603

9679 Borgoz the Nimble (level 11, -3/72 HPs)
             Began as a Halfling Gladiator on Mar 24, 2019.
             Was a Follower of Ashenzari.
             Killed from afar by a blizzard demon (25 damage)
             ... with a bolt of lightning
             ... in a Gauntlet.
             The game lasted 00:31:15 (10306 turns).

Borgoz the Nimble (Halfling Gladiator)             Turns: 10306, Time: 00:31:16

Health: -3/72      AC: 15    Str: 21    XL:     11   Next: 78%
Magic:  0/27       EV: 19    Int:  8    God:    Ashenzari [*.....]
Gold:   419        SH:  0    Dex: 17    Spells: 20/20 levels left

rFire    . . .     SeeInvis .   a - +4 dagger (elec)
rCold    + + .     Gourm    .   (shield restricted)
rNeg     . . .     Faith    .   z - +2 scale mail {rC+}
rPois    .         Spirit   +   j - +2 hat (curse)
rElec    .         Reflect  .   k - scarf {Spirit}
rCorr    .         Harm     .   M - +2 pair of gloves
MR       .....     NoTele   +   (no boots)
Stlth    ++........             (no amulet)
HPRegen  0.22/turn              y - ring of magical power
MPRegen  0.20/turn              R - ring of protection from cold

@: mighty
A: small, mutation resistance 1
a: Curse Item, Scrying, Renounce Religion


You were in a Gauntlet.
You worshipped Ashenzari.
Ashenzari was aware of your devotion.
You were not hungry.

You visited 3 branches of the dungeon, and saw 11 of its levels.
You also visited: Gauntlet.

You collected 599 gold pieces.
You spent 180 gold pieces at shops.

Inventory:

Hand Weapons
 a - a +4 dagger of electrocution (weapon)
 x - a +1 dagger of holy wrath
 J - a +2 short sword of freezing
 P - a +2 dagger of protection
Missiles
 A - 8 tomahawks (quivered)
 F - 2 tomahawks of dispersal
Armour
 j - a cursed +2 hat (worn)
 k - a scarf of spirit shield (worn)
 z - a +2 scale mail of cold resistance (worn)
 L - the +3 ring mail of the Blind Marksman {Int+7 Dex+3}
   (You found it on level 5 of the Dungeon)

   It affects your intelligence (+7).
   It affects your dexterity (+3).
 M - a +2 pair of gloves (worn)
 O - a +0 troll leather armour
Jewellery
 y - a ring of magical power (left hand)
 H - an uncursed ring of protection from fire
 R - a ring of protection from cold (right hand)
Wands
 g - a wand of flame (20)
 o - a wand of digging (3)
 C - a wand of iceblast (19)
 K - a wand of scattershot (4)
 Q - a wand of clouds (6)
Scrolls
 b - a scroll of fog
 e - 3 scrolls of blinking
 i - 3 scrolls of amnesia
 n - 3 scrolls of enchant armour
 q - a scroll of remove curse
 t - a scroll of holy word
 v - 3 scrolls of teleportation
Potions
 c - a potion of haste
 d - a potion of cancellation {unknown}
 h - a potion of mutation {unknown}
 l - a potion of resistance
 p - 5 potions of curing
 r - 2 potions of lignification
 s - a potion of flight
 u - a potion of might
Comestibles
 f - 15 rations


   Skills:
 + Level 5.6 Fighting
 * Level 9.6 Short Blades
   Level 4.0(5.9) Slings
 - Level 4.6(5.0) Throwing
 * Level 9.0 Armour
 * Level 9.8 Dodging
 + Level 5.2 Stealth
 - Level 5.0 Spellcasting
 + Level 4.8 Evocations


You had 20 spell levels left.
You didn't know any spells.
Your spell library contained the following spells:

 Spells                   Type           Power        Failure   Level  Hunger
 Bolt of Magma            Conj/Fire/Erth #.........   100%        5    ######.
 Iskenderun's Battlesphe  Conj/Chrm      #.......     100%        5    ######.
 Venom Bolt               Conj/Pois      #.........   100%        5    ######.
 Iron Shot                Conj/Erth      #.........   100%        6    #######
 Orb of Destruction       Conj           #.........   100%        7    #######
 Spellforged Servitor     Conj/Summ      #.........   100%        7    #######


Dungeon Overview and Level Annotations

Branches:
Dungeon (9/15)             Temple (1/1) D:4            Lair (1/6) D:9
    Orc (0/2) D:9

Altars:
Ashenzari
Cheibriados
Dithmenos
Elyvilon
Fedhas
Gozag
Hepliaklqana
Kikubaaqudgha
Makhleb
Nemelex Xobeh
Okawaru
Qazlal
Ru
Sif Muna
Trog
Uskayaw
Vehumet
Wu Jian
Xom
Yredelemnul
Zin
The Shining One

Shops:
D:9 (

Annotations:
D:8 1 runed translucent door, Nib's ghost, novice GnNe Gauntlet 7 transporters


Innate Abilities, Weirdness & Mutations

You are small and have problems with some larger weapons.
You are somewhat resistant to further mutation.


Message History

The blizzard demon is heavily wounded.
You hit the blizzard demon.
The blizzard demon is severely wounded.
The blizzard demon hits you.
* * * LOW HITPOINT WARNING * * *
The blizzard demon closely misses you.
Okay, then.
Okay, then.
Okay, then.
Evoke which item? (* to show all) (? for menu, Esc to quit)
Okay, then.
Evoke which item? (* to show all) (? for menu, Esc to quit)
Aiming: Cloud Cone
Press: ? - help, Dir - move target cursor, f - blizzard demon
Aim: a blizzard demon (heavily wounded)
You create a blast of freezing vapour!
The blizzard demon is engulfed in freezing vapours.
The blizzard demon gestures at you. The bolt of lightning hits you!!
You die...

##≈.#..#©#..#.##553..##.≈##
##.###################.##
##≈....#©.........©#....≈##
#≈≈..8.#.8.8.8.8.8.#.8..≈≈#
##≈....#©.........©#....≈##
##.#########.#########.##
##≈.#..8#8..#.#§§.##..#.≈##
#≈≈.#...8..2#.#2.##...#.≈≈#
##≈.#8.8.8.8#.#@##^.#.#.≈##
##.##8.©.8####.#.©##.#.##
##≈.#8.8.8.8#.#...##..#.≈##
#≈≈.#...8...#.#..##4..#.≈≈#
##≈.#.}.©"|.#.#.##24".#.≈##
##.#########.#########.##
#≈.....................≈#
#≈≈≈#≈≈≈#..∩.8.∩..#≈≈≈#≈≈≈#
##≈###≈###.......###≈###≈##


You could see a green death and a blizzard demon.

Vanquished Creatures
  A necromancer (Gauntlet)
  A spiny frog (Lair:1)
  2 ice devils (Gauntlet)
  2 trolls (D:9)
  Prince Ribbit (D:5)
  3 yaks (Lair:1)
  A water moccasin (D:6)
  4 porcupines
  A swamp drake (D:9)
  3 ice beasts
  A black bear (D:8)
  3 orc warriors
  A sky beast (D:6)
  2 necrophages (D:9)
  8 ogres
  2 phantoms
  5 wolves (Gauntlet)
  3 centaurs
  2 crocodiles (D:9)
  5 bullfrogs
  3 scorpions
  4 howler monkeys
  2 crimson imps (D:9)
  5 hounds
  A centaur zombie (D:5)
  A quasit (D:9)
  A bullfrog zombie (D:9)
  A centaur skeleton (D:4)
  A jelly (D:7)
  6 orc priests
  Ijyb (D:5)
  Terence (D:2)
  4 iguanas
  4 orc wizards
  4 worker ants
  A hound zombie (D:5)
  A hound skeleton (D:4)
  7 gnolls
  10 adders
  2 shadow imps
  4 white imps (Gauntlet)
  An ooze (D:1)
  An adder zombie (D:5)
  3 adder skeletons
  3 worms
  A dart slug (D:3)
  8 leopard geckos
  23 orcs
  A ball python (D:5)
  7 bats
  9 giant cockroaches
  7 goblins
  10 hobgoblins
  7 jackals
  8 quokkas
  2 frilled lizards
  8 kobolds
  2 leopard gecko skeletons (D:4)
  A quokka skeleton (D:6)
  5 rats
222 creatures vanquished.

Vanquished Creatures (others)
  A fungus (D:8)
  4 plants (D:8)
5 creatures vanquished.

Grand Total: 227 creatures vanquished

Notes
Turn   | Place    | Note
-------+----------+-------------------------------------------
     0 | D:1      | Borgoz the Halfling Gladiator began the quest for the Orb.
     0 | D:1      | Reached XP level 1. HP: 14/14 MP: 1/1
   133 | D:1      | Reached XP level 2. HP: 19/19 MP: 2/2
   480 | D:1      | Reached XP level 3. HP: 20/24 MP: 3/3
   496 | D:1      | Reached skill level 1 in Armour
   862 | D:2      | Reached skill level 1 in Stealth
   880 | D:2      | Reached XP level 4. HP: 29/29 MP: 4/4
   967 | D:2      | Found a blossoming altar of Fedhas.
   969 | D:2      | Found a radiant altar of Vehumet.
  1230 | D:2      | Noticed Terence
  1287 | D:2      | Killed Terence
  1319 | D:2      | Reached XP level 5. HP: 31/34 MP: 5/5
  1343 | D:2      | Found a white marble altar of Elyvilon.
  1347 | D:2      | Found a shattered altar of Ashenzari.
  1600 | D:3      | Reached skill level 1 in Slings
  2210 | D:4      | Reached XP level 6. HP: 38/40 MP: 7/7
  2249 | D:4      | Found a staircase to the Ecumenical Temple.
  2262 | Temple   | Entered the Ecumenical Temple
  2403 | D:2      | Became a worshipper of Ashenzari the Shackled
  2494 | D:4      | Reached skill level 1 in Spellcasting
  2605 | D:4      | Noticed an ogre
  2623 | D:4      | Killed an ogre
  2623 | D:4      | Reached skill level 5 in Short Blades
  2623 | D:4      | Reached XP level 7. HP: 35/45 MP: 8/8
  2771 | D:4      | Noticed a +0 hand axe
  2771 | D:4      | Noticed a +0 dagger
  2773 | D:4      | Found a hide-covered altar of Uskayaw.
  3123 | D:5      | Entered Level 5 of the Dungeon
  3160 | D:4      | Reached skill level 5 in Dodging
  3662 | D:5      | Reached XP level 8. HP: 51/51 MP: 10/10
  3802 | D:5      | Noticed Ijyb
  3828 | D:5      | Killed Ijyb
  4285 | D:5      | Got the uncursed ring mail of the Blind Marksman {Int+7
                  | Dex+3}
  4296 | D:5      | Identified the +3 ring mail of the Blind Marksman {Int+7
                  | Dex+3} (You found it on level 5 of the Dungeon)
  4425 | D:5      | Noticed Prince Ribbit
  4462 | D:5      | Killed Prince Ribbit
  4626 | D:5      | Found a sacrificial altar of Ru.
  4695 | D:6      | Reached XP level 9. HP: 33/57 MP: 12/12
  5294 | D:6      | Reached skill level 5 in Armour
  5294 | D:6      | Reached skill level 1 in Evocations
  6223 | D:7      | Found an ornate altar of the Wu Jian Council.
  6525 | D:7      | Reached * piety under Ashenzari
  6556 | D:7      | Reached skill level 5 in Fighting
  6556 | D:7      | Reached XP level 10. HP: 48/66 MP: 17/17
  6862 | D:8      | Found a runed translucent door.
  6866 | D:8      | Identified the cursed +1 trident of Ragnarok {venom, MR++
                  | Stlth+}
  6866 | D:8      | Noticed Nib's ghost (novice GnNe)
  8007 | D:9      | Reached XP level 11. HP: 72/72 MP: 18/18
  8328 | D:9      | Found Wuoshrer's Weapon Boutique.
  8332 | D:9      | Bought a +1 dagger of electrocution for 180 gold pieces
  8692 | D:9      | Found the +0 sword of Power
  8773 | D:9      | Found a staircase to the Lair.
  9145 | D:9      | Reached skill level 5 in Spellcasting
  9172 | D:9      | Found a staircase to the Orcish Mines.
  9317 | Lair:1   | Entered Level 1 of the Lair of Beasts
  9366 | Lair:1   | Found a gate leading to a gauntlet.
  9568 | Gauntlet | Entered a Gauntlet
  9568 | Gauntlet | Found a transporter.
  9568 | Gauntlet | Found a transporter.
  9576 | Gauntlet | Noticed a necromancer
  9587 | Gauntlet | Found a transporter.
  9590 | Gauntlet | Found a transporter.
  9594 | Gauntlet | Noticed a sixfirhy
  9599 | Gauntlet | Found a transporter.
  9602 | Gauntlet | Found a transporter.
  9604 | Gauntlet | Noticed a blizzard demon
  9610 | Gauntlet | Found a transporter.
  9611 | Gauntlet | Identified the amulet of Fanaticism {+Rage +Fly rPois rN+}
  9626 | Gauntlet | Found a transporter.
  9629 | Gauntlet | Noticed a green death
  9640 | Gauntlet | Found a transporter.
  9644 | Gauntlet | Found a transporter.
  9646 | Gauntlet | Found a runed translucent gate.
  9646 | Gauntlet | Found a runed translucent gate.
  9646 | Gauntlet | Found a runed translucent gate.
  9652 | Gauntlet | Found a transporter.
  9656 | Gauntlet | Found a transporter.
  9656 | Gauntlet | Noticed a catoblepas
  9776 | Gauntlet | Reached skill level 5 in Stealth
  9788 | Gauntlet | Killed a necromancer
 10306 | Gauntlet | Killed from afar by a blizzard demon

Levels and vault maps discovered:
D:1:      lightli_arrival_quake, layout_loops_cross
D:2:      layout_loops_ring, nicolae_overflow_hidden_temple, uniq_terence
D:3:      layout_loops_ring
D:4:      minmay_diamond_boxcup, layout_rooms, dancing_weapons_uskayaw,
          temple_doors_cd
D:5:      layout_basic, nicolae_ru_path_of_blood, first_ration, uniq_ijyb,
          uniq_prince_ribbit1
D:6:      layout_rooms
D:7:      layout_basic, nicolae_overflow_crystal_walls
D:8:      layout_cave_pods, ebering_ghost_funeral_grove
D:9:      layout_rooms, grunt_lair_entry_orc_guard_hut, erik_orc_1,
          serial_shops, shop
Temple:   eino_wide_crystal_templ
Lair:1:   layout_hall_layers, gauntlet_entry_generic, grunt_megastairs_2,
          lemuel_fruit_tree
Gauntlet: minmay_gauntlet_77_indecision [minmay_gauntlet_arena_77_museum,
          minmay_gauntlet_arena_77_fan, minmay_gauntlet_arena_77_run_for_it,
          minmay_gauntlet_arena_77_mess,
          minmay_gauntlet_arena_77_terracotta_army,
          minmay_gauntlet_arena_77_two_lines, gauntlet_exit_watery]

Skill      XL: |  1  2  3  4  5  6  7  8  9 10 11 |
---------------+----------------------------------+-----
Armour         | 1 2 3 4 8 9 |  9.0
Short Blades   | 4 5 6 8 9 |  9.6
Fighting       | 2 3 5 |  5.6
Stealth        | 1 2 3 4 5 |  5.2
Dodging        | 4 5 6 9 |  9.8
Slings         | 1 2 3 4 |  4.0
Spellcasting   | 1 2 4 5 |  5.0
Throwing       | 3 4 |  4.6
Evocations     | 4 |  4.8

Action                   |  1- 3 |  4- 6 |  7- 9 | 10-12 || total
-------------------------+-------+-------+-------+-------++-------
Melee: Rapier            |    21 |       |       |       ||    21
       Dagger            |    70 |   380 |   738 |   468 ||  1656
 Fire: Hunting sling     |       |     2 |    11 |       ||    13
Throw: Throwing net      |       |     1 |     4 |     1 ||     6
       Tomahawk          |       |       |     2 |     2 ||     4
Invok: Curse Item        |       |       |     1 |       ||     1
Evoke: Wand              |       |       |     3 |     2 ||     5
  Use: Potion            |       |     1 |     5 |     3 ||     9
       Scroll            |       |       |     5 |    19 ||    24
 Stab: Sleeping          |     2 |       |     1 |     3 ||     6
       Held in net/web   |       |     1 |     3 |       ||     4
       Confused          |       |       |       |     1 ||     1
  Eat: Chunk             |       |     6 |    13 |    12 ||    31
Armor: Leather armour    |     6 |       |       |       ||     6
       Ring mail         |    16 |   112 |   167 |    78 ||   373
       Skin              |       |       |    13 |       ||    13
       Scale mail        |       |       |       |     3 ||     3
Dodge: Dodged            |    81 |   221 |   411 |   317 ||  1030

Table legend:
 A = Non-vault XP
 B = Vault XP
 C = Vault XP percentage of total XP
 D = Non-vault monster count
 E = Vault monster count
 F = Vault count percentage of total count
                 A         B        C        D         E       F
            +---------+---------+-------+---------+---------+-------
      Total |    6840 |    3483 |  33.7 |     179 |      43 |  19.4
            +---------+---------+-------+---------+---------+-------
        D:1 |      47 |       0 |   0.0 |      24 |       0 |   0.0
        D:2 |      57 |      36 |  38.7 |      18 |       1 |   5.3
        D:3 |      69 |       0 |   0.0 |      16 |       0 |   0.0
        D:4 |     664 |      86 |  11.5 |      24 |       6 |  20.0
        D:5 |     696 |     319 |  31.4 |      27 |       2 |   6.9
        D:6 |    1171 |       0 |   0.0 |      20 |       0 |   0.0
        D:7 |     459 |       0 |   0.0 |      14 |       0 |   0.0
        D:8 |     613 |       0 |   0.0 |      12 |       0 |   0.0
        D:9 |    1922 |    1196 |  38.4 |      19 |      22 |  53.7
     Lair:1 |    1142 |       0 |   0.0 |       5 |       0 |   0.0
   Gauntlet |       0 |    1846 | 100.0 |       0 |      12 | 100.0
            +---------+---------+-------+---------+---------+-------
